Map: King's Cove LE

Players

llIlIllIllII (Stephano)

  • Race: Zerg Zerg
  • League: Master
  • Spawn Location: 11:00

Lambo - Winner!

  • Race: Zerg Zerg
  • League: Master
  • Spawn Location: 5:00

VOD

Have the link to the VOD?

Description

Time

  • Played on: Jan. 25, 2019, 1:13 p.m.
  • Length: 9:22
Show
View Real Time Build Order
Export as new Build Order

llIlIllIllII Zerg 

Build Orders: Hatch First 

Get SALT Encoding   

  12  0:00  Drone  
  13  0:12  Overlord  
  13  0:17  Drone  
  14  0:30  Drone x2  
  16  0:49  Hatchery  
  15  0:51  Drone  
  15  0:56  Drone  
  17  0:59  Drone  
  18  1:10  Extractor  
  17  1:14  Spawning Pool  
  17  1:17  Drone  
  17  1:21  Drone  
  18  1:27  Drone  
  19  1:38  Drone  
  20  1:49  Drone  
  21  2:00  Drone  
  21  2:01  Queen x2  
  22  2:02  Overlord  
  26  2:11  Drone  
  26  2:12  Drone  
  28  2:21  Drone  
  30  2:22  Drone  
  30  2:37  Hatchery  
  29  2:41  Queen  
  31  2:46  Overlord  
  31  2:52  Baneling Nest  
  31  2:54  Drone  
  31  2:56  Drone  
  32  2:58  Drone  
  32  2:59  Evolution Chamber  
  32  3:02  Drone  
  32  3:03  Drone  
  35  3:06  Drone  
  35  3:09  Drone  
  38  3:12  Drone  
  38  3:13  Drone  
  38  3:15  Drone  
  38  3:18  Drone  
  38  3:19  Drone  
  42  3:25  Zerg Missile Weapons Level 1  
  42  3:28  Roach Warren  
  42  3:29  Drone  
  42  3:30  Extractor  
  42  3:31  Drone  
  42  3:34  Overlord  
  42  3:37  Zergling x2  
  43  3:43  Drone  
  43  3:45  Extractor  
  43  3:48  Overlord  
  43  3:51  Drone x2, Overlord  
  45  3:59  Drone  
  45  4:00  Drone  
  45  4:01  Lair  
  47  4:06  Drone x4  
  52  4:10  Drone  
  52  4:11  Drone  
  52  4:12  Roach  
  52  4:14  Roach  
  52  4:16  Drone  
  58  4:20  Drone x2  
  58  4:23  Overlord  
  60  4:26  Roach  
  60  4:28  Roach  
  64  4:32  Roach  
  64  4:37  Evolution Chamber, Roach  
  67  4:40  Roach  
  67  4:43  Roach x2  
  72  4:58  Roach x5  
  80  5:01  Roach x2  
  71  5:08  Roach x3  
  71  5:14  Roach x2  
  73  5:15  Ravager  
  73  5:16  Ravager  
  65  5:30  Drone x6  
  68  5:45  Queen x2  
  72  5:52  Zerg Ground Armor Level 1  
  72  5:56  Overseer  
  72  5:58  Drone x4  
  72  6:00  Extractor  
  75  6:09  Spore Crawler x2  
  73  6:16  Drone  
  74  6:24  Zerg Missile Weapons Level 2  
  74  6:25  Hatchery  
  73  6:29  Glial Reconstitution  
  73  6:41  Overlord  
  73  6:42  Overlord x3  
  73  6:53  Overlord x2  
  73  6:59  Queen  
  73  7:00  Queen  
  79  7:01  Roach  
  79  7:02  Roach  
  79  7:06  Roach x2  
  85  7:13  Roach x2  
  85  7:15  Overseer  
  89  7:23  Roach  
  89  7:24  Roach x3  
  97  7:33  Nydus Network  
  97  7:36  Roach x3  
  102  7:41  Roach  
  104  7:46  Roach x2  
  108  7:54  Roach x3  
  108  7:56  Overlord  
  114  7:59  Roach  
  116  8:07  Roach x3  
  116  8:09  Nydus Canal  
  122  8:15  Roach x3  
  128  8:21  Overlord  
  128  8:27  Ravager x2  
  124  8:52  Roach x4  
  122  9:02  Roach  
  91  9:20  Ravager  
Show
View Real Time Build Order
Export as new Build Order

Lambo Zerg - Winner!

Build Orders: Hatch First 

Get SALT Encoding   

  12  0:01  Drone  
  13  0:13  Overlord  
  13  0:19  Drone  
  14  0:32  Drone x2  
  16  0:49  Hatchery  
  15  0:53  Drone  
  15  0:56  Drone  
  17  1:00  Drone  
  18  1:10  Extractor  
  17  1:15  Spawning Pool  
  17  1:18  Drone  
  17  1:22  Drone  
  18  1:29  Drone  
  19  1:39  Drone  
  20  1:50  Drone  
  21  2:01  Drone  
  22  2:02  Queen x2  
  22  2:05  Evolution Chamber  
  22  2:06  Overlord  
  25  2:13  Drone x2  
  27  2:24  Drone  
  27  2:27  Drone  
  29  2:33  Zerg Ground Armor Level 1  
  29  2:36  Drone  
  30  2:41  Queen  
  32  2:44  Overlord  
  32  2:47  Drone  
  32  2:49  Drone  
  35  2:58  Drone x2  
  36  3:08  Drone x2  
  36  3:09  Drone x2  
  41  3:12  Drone  
  41  3:13  Metabolic Boost  
  41  3:16  Drone  
  42  3:22  Overlord  
  42  3:26  Zergling x4  
  44  3:35  Hatchery  
  44  3:37  Zergling x2  
  44  3:42  Baneling Nest  
  44  3:47  Zergling x10  
  48  3:49  Zergling x2  
  48  3:52  Overlord  
  49  3:58  Zergling x6  
  52  4:05  Overlord  
  52  4:10  Zergling x2  
  52  4:14  Zergling x2  
  54  4:19  Zergling x6  
  57  4:27  Zergling x2  
  57  4:28  Zergling x2  
  57  4:31  Zergling x6  
  61  4:34  Baneling x5  
  61  4:35  Baneling  
  61  4:36  Overlord  
  61  4:37  Zergling x2  
  63  4:49  Zergling x10  
  67  4:57  Zergling x4  
  66  5:02  Zergling x10  
  68  5:08  Drone  
  68  5:10  Extractor  
  68  5:12  Extractor  
  63  5:20  Zergling x8  
  65  5:23  Drone  
  60  5:29  Zergling x2  
  60  5:33  Roach Warren  
  60  5:35  Lair  
  52  5:36  Drone x3  
  52  5:37  Drone  
  52  5:38  Drone x4  
  52  5:41  Drone  
  52  5:42  Drone  
  60  5:47  Drone  
  55  5:54  Drone  
  55  5:55  Drone  
  55  5:56  Zerg Missile Weapons Level 1  
  57  5:59  Drone  
  57  6:02  Drone x2  
  60  6:06  Drone x5, Overlord  
  65  6:15  Drone x3, Extractor  
  67  6:24  Roach x4  
  74  6:27  Roach  
  74  6:29  Roach  
  78  6:36  Roach x3  
  78  6:38  Glial Reconstitution  
  84  6:48  Extractor  
  84  6:49  Roach x3  
  84  6:50  Overlord  
  84  6:53  Overlord  
  89  6:55  Overlord  
  89  6:57  Overlord  
  89  6:58  Overlord  
  89  7:00  Overseer  
  89  7:01  Overlord  
  89  7:04  Overlord  
  89  7:06  Extractor, Overlord  
  88  7:08  Overlord  
  88  7:09  Overlord, Pneumatized Carapace  
  88  7:11  Drone x2  
  90  7:16  Drone  
  90  7:21  Drone x8  
  99  7:29  Evolution Chamber  
  98  7:32  Roach x5  
  108  7:39  Roach x2  
  108  7:40  Ravager x4  
  108  7:42  Overseer  
  117  7:49  Overlord  
  117  7:50  Roach x5  
  127  7:52  Overlord  
  127  7:57  Overlord  
  127  7:59  Overlord  
  127  8:00  Overlord  
  127  8:03  Overlord  
  127  8:04  Baneling x4  
  127  8:05  Baneling x4  
  127  8:06  Roach  
  127  8:07  Overlord  
  127  8:08  Drone  
  130  8:13  Roach x2  
  130  8:18  Roach x3  
  140  8:23  Overlord  
  140  8:24  Roach x2  
  140  8:26  Roach  
  146  8:28  Ravager  
  146  8:32  Roach  
  146  8:33  Roach x3  
  155  8:36  Roach  
  155  8:40  Roach x3  
  163  8:42  Roach  
  163  8:46  Roach x2  
  160  8:48  Roach  
  160  8:49  Roach  
  160  8:51  Roach  
  159  8:56  Roach x2  
  159  9:00  Roach x2  
Tags
 
Add a new tag
Caveats
  • Supply blocks, unpowered buildings, or Contaminate may cause inaccurate times.
  • Supply counts are checked every 10 seconds.